Rangers vs Predators

Created - November 20, 2020 at 20:30

Goals
1 2 3 T
Rangers 1 1 1 3
Predators 0 0 0 0
Shots
1 2 3 T
Rangers 6 14 8 28
Predators 14 14 5 33

1st period

1. Rangers , Kyle Okposo 5 (Sean Couturier 8, James Neal 9) at 0:53

Penalties :
Byron Bitz (Nas) for Holding Stick (Minor) at 13:33

2nd period

2. Rangers , Patrice Bergeron 7 (Milan Lucic 12, Luke Schenn 5) at 8:14

Penalties :
Alexander Ovechkin (Nas) for Roughing (Minor) at 8:38, Sean Couturier (NYR) for Interference (Minor) at 15:04, Luke Schenn (NYR) for Roughing (Minor) at 19:10

3rd period

3. Rangers , Chris Bourque 3 (Mark Fistric 5) at 1:08 (SH)

Penalties :
Devante Smith-Pelly (NYR) for Hooking (Minor) at 3:52, Dmitri Kalinin (Nas) for Hooking (Minor) at 6:18, James Neal (NYR) for Hooking (Minor) at 18:12

Goalie Stats

Frederik Andersen (NYR), 33 saves from 33 shots - (1.000), W, 6-6-1, 60:00 minutes
Viktor Fasth (Nas), 25 saves from 28 shots - (0.893), L, 8-2-1, 60:00 minutes

Players Stats for Rangers

Player Name              G  A  P  +/- PIM S  H  SB GA TA FO     MP     PP MP  PK MP  
------------------------------------------------------------------------------------
Cam Barker               0  0  0   2  0   0  1  1  0  0  0/0    28:21   3:23   5:13 
Chris Bourque            1  0  1   1  0   2  0  0  0  0  0/1    11:44   0:00   1:47 
Devante Smith-Pelly      0  0  0   0  2   0  1  0  0  0  0/0    10:01   0:00   0:00 
Dmitry Kulikov           0  0  0   0  0   1  2  0  0  1  0/0    22:15   2:34   4:16 
Jakob Silfverberg        0  0  0   1  0   4  2  0  0  2  5/8    22:32   2:50   4:28 
James Neal               0  1  1   1  2   4  1  0  2  2  0/2    15:46   3:07   0:00 
Kyle Okposo              1  0  1   1  0   3  0  0  0  0  0/0    15:47   3:07   0:00 
Luke Schenn              0  1  1   2  2   1  3  0  0  0  0/0    24:47   2:34   3:21 
Magnus Paajarvi          0  0  0   0  0   0  0  0  0  0  0/0     8:43   0:00   0:15 
Mark Fistric             0  1  1   1  0   0  0  1  0  1  0/0    15:30   0:00   0:07 
Matt Delahey             0  0  0   0  0   1  1  0  0  0  0/0    11:15   0:00   0:00 
Maxime Sauvé             0  0  0   0  0   0  0  0  0  0  1/2     8:11   0:00   0:00 
Milan Lucic              0  1  1   1  0   2  2  1  2  0  1/2    19:56   2:50   1:41 
Patrice Bergeron         1  0  1   1  0   4  0  0  1  0  7/22   22:39   2:50   4:30 
Patrik Nemeth            0  0  0   1  0   0  0  1  0  0  0/0    13:42   0:00   2:31 
Sean Couturier           0  1  1   2  2   1  1  0  0  0  9/15   18:31   3:07   2:00 
Steve Quailer            0  0  0   0  0   3  0  0  0  0  1/1     8:06   0:00   0:00 
Tomas Hertl              0  0  0   0  0   2  0  0  0  0  1/3    14:26   3:23   0:47 

Players Stats for Predators

Player Name              G  A  P  +/- PIM S  H  SB GA TA FO     MP     PP MP  PK MP  
------------------------------------------------------------------------------------
Alex Killorn             0  0  0   0  0   2  1  0  0  0  0/0     8:53   0:00   0:00 
Alexander Edler          0  0  0   0  0   1  3  1  2  0  0/0    26:36   3:30   3:34 
Alexander Ovechkin       0  0  0  -1  2   3  3  0  0  0  3/5    20:56   4:12   0:32 
Andy Miele               0  0  0   0  0   0  2  0  0  0  5/6    12:50   0:00   3:24 
Brendan Gallagher        0  0  0  -2  0   2  2  1  0  1  0/1    16:30   3:29   1:26 
Byron Bitz               0  0  0   0  2   2  3  0  0  0  1/1    10:52   0:06   1:09 
Dmitri Kalinin           0  0  0   0  2   0  0  0  0  0  0/0    12:34   0:00   0:00 
Jack Eichel              0  0  0  -2  0   1  0  0  1  0  9/14   15:35   3:29   0:19 
Jaden Schwartz           0  0  0  -2  0   6  3  1  2  0  0/1    16:38   3:29   1:41 
John Moore               0  0  0  -3  0   1  0  1  0  2  0/0    20:56   4:14   2:23 
Justin Abdelkader        0  0  0   0  0   1  1  0  0  0  0/1     9:14   0:03   0:00 
Justin Faulk             0  0  0  -3  0   0  0  1  0  0  0/0    18:06   4:14   0:00 
Mark Pysyk               0  0  0   0  0   2  2  2  0  1  0/1    12:57   0:00   3:23 
Mikael Granlund          0  0  0  -1  0   5  2  0  0  0  3/4    20:18   4:12   0:00 
Nate Schmidt             0  0  0   0  0   0  0  0  1  0  0/0    15:18   0:00   2:23 
Nik Antropov             0  0  0   0  0   1  1  0  0  0  1/3     8:53   0:00   0:00 
Ryan Kesler              0  0  0  -1  0   3  2  0  0  0  9/19   20:18   4:12   0:00 
Ryan Mcdonagh            0  0  0   0  0   3  0  1  0  1  0/0    26:36   3:30   3:34 

3 Stars

1 - Frederik Andersen (NYR)
2 - Chris Bourque (NYR)
3 - Patrice Bergeron (NYR)

Power Play

Rangers - 0 on 3 Attempt(s) - 0.00%
Predators - 0 on 4 Attempt(s) - 0.00%

Penalty Kill

Rangers - 4 on 4 Attempt(s) - 100.00% - Score 1 goal in Penalty Kill
Predators - 3 on 3 Attempt(s) - 100.00% - Score 0 goal in Penalty Kill

Team Stat

Rangers - Hits : 14 - Faceoff Wins : 25 - Blocked Shots : 4 - Penalty Minutes : 8
Predators - Hits : 25 - Faceoff Wins : 31 - Blocked Shots : 8 - Penalty Minutes : 6

Official

Referees : Unknown
Linesman : Unknown

Game Notes

No Game Note

Finance

Level 1 -- Attendance: 4783 (79.72%) -- Ticket Income $526,130
Level 2 -- Attendance: 3819 (76.38%) -- Ticket Income $259,692
Level 3 -- Attendance: 1698 (84.90%) -- Ticket Income $76,410
Level 4 -- Attendance: 3050 (76.25%) -- Ticket Income $91,500
Luxury Box -- Attendance: 748 (74.80%) -- Ticket Income $149,600
Game was played at the Wildcat center.
Total Attendance: 14098 (78.32%)
Total Ticket Income: $1,103,332
Other Income: $165,500
Total Income: $1,268,832

Rangers

5 vs 5 Forward 
   Center                   Left Wing                Right Wing               Time % Phy DF OF 
 1 Patrice Bergeron         Milan Lucic              Jakob Silfverberg        40     1   2  2  
 2 Sean Couturier           James Neal               Kyle Okposo              30     1   2  2  
 3 Tomas Hertl              Chris Bourque            Devante Smith-Pelly      20     1   2  2  
 4 Maxime Sauvé             Magnus Paajarvi          Steve Quailer            10     1   2  2  

5 vs 5 Defense 
   Defense                  Defense                                           Time % Phy DF OF 
 1 Luke Schenn              Cam Barker                                        40     1   2  2  
 2 Dmitry Kulikov           Mark Fistric                                      30     1   2  2  
 3 Patrik Nemeth            Matt Delahey                                      20     1   2  2  
 4 Luke Schenn              Cam Barker                                        10     1   2  2  

PowerPlay Forward 
   Center                   Left Wing                Right Wing               Time % Phy DF OF 
 1 Patrice Bergeron         Milan Lucic              Jakob Silfverberg        60     1   2  2  
 2 Sean Couturier           James Neal               Kyle Okposo              40     1   2  2  

PowerPlay Defense
   Defense                  Defense                                           Time % Phy DF OF 
 1 Cam Barker               Tomas Hertl                                       60     1   2  2  
 2 Luke Schenn              Dmitry Kulikov                                    40     1   2  2  

Penalty Kill 4 Players Forward 
   Center                   Wing                     Time % Phy DF OF 
 1 Jakob Silfverberg        Patrice Bergeron         60     1   2  2  
 2 Milan Lucic              Sean Couturier           40     1   2  2  

Penalty Kill 4 Players Defense
   Defense                  Defense                  Time % Phy DF OF 
 1 Luke Schenn              Cam Barker               60     1   2  2  
 2 Dmitry Kulikov           Patrik Nemeth            40     1   2  2  

Penalty Kill - 3 Players Forward 
   Forward                                           Time % Phy DF OF 
 1 Milan Lucic                                       60     1   2  2  
 2 Jakob Silfverberg                                 40     1   2  2  

Penalty Kill - 3 Players Defense
   Defense                  Defense                  Time % Phy DF OF 
 1 Luke Schenn              Cam Barker               60     1   2  2  
 2 Mark Fistric             Dmitry Kulikov           40     1   2  2  

4 vs 4 Forward 
   Center                   Wing                     Time % Phy DF OF 
 1 Sean Couturier           Jakob Silfverberg        60     1   2  2  
 2 Patrice Bergeron         Tomas Hertl              40     1   2  2  

4 vs 4 Defense
   Defense                  Defense                  Time % Phy DF OF 
 1 Cam Barker               Luke Schenn              60     1   2  2  
 2 Dmitry Kulikov           Matt Delahey             40     1   2  2  

Last Minutes Offensive
   Center                   Left Wing                Right Wing               Defense                  Defense                  
   Milan Lucic              Jakob Silfverberg        Patrice Bergeron         Luke Schenn              Cam Barker               

Last Minutes Defensive
   Center                   Left Wing                Right Wing               Defense                  Defense                  
   Milan Lucic              Jakob Silfverberg        Patrice Bergeron         Luke Schenn              Cam Barker               

Goaltenders
Starting : Frederik Andersen        
Backup : Mike Condon              

Extra Forwards
Normal : Jakob Silfverberg, Patrice Bergeron, Tomas Hertl - PP : Milan Lucic, Jakob Silfverberg - PK : Patrice Bergeron
Extra Defensemen
Normal : Cam Barker, Luke Schenn, Mark Fistric - PP : Cam Barker - PK : Cam Barker, Luke Schenn
Penalty Shots
Jakob Silfverberg, Patrice Bergeron, Tomas Hertl, Milan Lucic, Sean Couturier

Scratches
None

Predators

5 vs 5 Forward 
   Center                   Left Wing                Right Wing               Time % Phy DF OF 
 1 Ryan Kesler              Alexander Ovechkin       Mikael Granlund          40     1   1  3  
 2 Jack Eichel              Jaden Schwartz           Brendan Gallagher        30     1   2  2  
 3 Andy Miele               Justin Abdelkader        Byron Bitz               15     1   2  2  
 4 Nik Antropov             Alex Killorn             Mark Pysyk               15     1   2  2  

5 vs 5 Defense 
   Defense                  Defense                                           Time % Phy DF OF 
 1 Ryan Mcdonagh            Alexander Edler                                   35     1   2  2  
 2 John Moore               Justin Faulk                                      30     1   2  2  
 3 Nate Schmidt             Dmitri Kalinin                                    25     1   2  2  
 4 Ryan Mcdonagh            Alexander Edler                                   10     1   2  2  

PowerPlay Forward 
   Center                   Left Wing                Right Wing               Time % Phy DF OF 
 1 Ryan Kesler              Alexander Ovechkin       Mikael Granlund          55     1   1  3  
 2 Jack Eichel              Jaden Schwartz           Brendan Gallagher        45     1   1  3  

PowerPlay Defense
   Defense                  Defense                                           Time % Phy DF OF 
 1 Ryan Mcdonagh            Alexander Edler                                   60     1   1  3  
 2 John Moore               Justin Faulk                                      40     1   1  3  

Penalty Kill 4 Players Forward 
   Center                   Wing                     Time % Phy DF OF 
 1 Andy Miele               Mark Pysyk               60     1   2  2  
 2 Jaden Schwartz           Byron Bitz               40     1   2  2  

Penalty Kill 4 Players Defense
   Defense                  Defense                  Time % Phy DF OF 
 1 Ryan Mcdonagh            Alexander Edler          60     1   3  1  
 2 John Moore               Nate Schmidt             40     1   3  1  

Penalty Kill - 3 Players Forward 
   Forward                                           Time % Phy DF OF 
 1 Andy Miele                                        60     1   3  1  
 2 Byron Bitz                                        40     1   3  1  

Penalty Kill - 3 Players Defense
   Defense                  Defense                  Time % Phy DF OF 
 1 Ryan Mcdonagh            Alexander Edler          60     1   3  1  
 2 John Moore               Nate Schmidt             40     1   3  1  

4 vs 4 Forward 
   Center                   Wing                     Time % Phy DF OF 
 1 Mikael Granlund          Alexander Ovechkin       60     1   2  2  
 2 Ryan Kesler              Brendan Gallagher        40     1   2  2  

4 vs 4 Defense
   Defense                  Defense                  Time % Phy DF OF 
 1 Ryan Mcdonagh            Alexander Edler          60     1   2  2  
 2 John Moore               Justin Faulk             40     1   2  2  

Last Minutes Offensive
   Center                   Left Wing                Right Wing               Defense                  Defense                  
   Ryan Kesler              Alexander Ovechkin       Brendan Gallagher        Ryan Mcdonagh            Alexander Edler          

Last Minutes Defensive
   Center                   Left Wing                Right Wing               Defense                  Defense                  
   Andy Miele               Jaden Schwartz           Mark Pysyk               Ryan Mcdonagh            John Moore               

Goaltenders
Starting : Viktor Fasth             
Backup : Anders Lindback          

Extra Forwards
Normal : Andy Miele, Justin Abdelkader, Byron Bitz - PP : Byron Bitz, Justin Abdelkader - PK : Brendan Gallagher
Extra Defensemen
Normal : Nate Schmidt, Dmitri Kalinin, John Moore - PP : Dmitri Kalinin - PK : Nate Schmidt, John Moore
Penalty Shots
Jack Eichel, Mikael Granlund, Alexander Ovechkin, Ryan Kesler, Brendan Gallagher

Scratches
None


% Time on Ice - Rangers

Lines # - Real PCT - Wanted PCT - Time Play
Normal Forward
1 - 33% - 40% - 15:14
2 - 28% - 30% - 13:02
3 - 21% - 20% - 9:57
4 - 17% - 10% - 8:06
Normal Defense
1 - 39% - 40% - 17:54
2 - 33% - 30% - 15:21
3 - 24% - 20% - 11:15
4 - 4% - 10% - 1:49
PP Forward
1 - 48% - 60% - 2:50
2 - 52% - 40% - 3:07
PP Defense
1 - 57% - 60% - 3:23
2 - 43% - 40% - 2:34
PK Forward
1 - 78% - 60% - 6:03
2 - 22% - 40% - 1:41
PK Defense
1 - 69% - 60% - 5:20
2 - 31% - 40% - 2:24
PK3 Forward
1 - 0% - 60%
2 - 0% - 40%
PK3 Defense
1 - 0% - 60%
2 - 0% - 40%
44 Forward
1 - 0% - 60%
2 - 0% - 40%
44 Defense
1 - 0% - 60%
2 - 0% - 40%
Last Minute Offensive  - 0:00
Last Minute Defensive  - 0:00
Total
Forward - 60:00
Defense - 60:00

% Time on Ice - Predators

Lines # - Real PCT - Wanted PCT - Time Play
Normal Forward
1 - 37% - 40% - 17:03
2 - 25% - 30% - 11:28
3 - 19% - 15% - 8:55
4 - 19% - 15% - 8:53
Normal Defense
1 - 37% - 35% - 17:16
2 - 32% - 30% - 14:42
3 - 26% - 25% - 12:05
4 - 5% - 10% - 2:16
PP Forward
1 - 55% - 55% - 4:15
2 - 45% - 45% - 3:29
PP Defense
1 - 45% - 60% - 3:30
2 - 55% - 40% - 4:14
PK Forward
1 - 72% - 60% - 4:16
2 - 28% - 40% - 1:41
PK Defense
1 - 60% - 60% - 3:34
2 - 40% - 40% - 2:23
PK3 Forward
1 - 0% - 60%
2 - 0% - 40%
PK3 Defense
1 - 0% - 60%
2 - 0% - 40%
44 Forward
1 - 0% - 60%
2 - 0% - 40%
44 Defense
1 - 0% - 60%
2 - 0% - 40%
Last Minute Offensive  - 0:00
Last Minute Defensive  - 0:00
Total
Forward - 60:00
Defense - 60:00

Play-by-Play

1st period


0:01 of 1st period - Patrice Bergeron wins face-off versus Ryan Kesler in neutral zone.
0:21 of 1st period - Ryan Mcdonagh is hit by Jakob Silfverberg and loses puck.
0:35 of 1st period - Icing by Cam Barker.
0:36 of 1st period - Sean Couturier wins face-off versus Jack Eichel in Rangers zone.
0:41 of 1st period - Snap shot by Kyle Okposo.
0:41 of 1st period - Shot Misses the Net.
0:53 of 1st period - Slapshot by Kyle Okposo.
0:53 of 1st period - Goal by Kyle Okposo - Rangers : 1 - Predators : 0.
0:54 of 1st period - Andy Miele wins face-off versus Tomas Hertl in neutral zone.
0:56 of 1st period - Off-side.
0:57 of 1st period - Andy Miele wins face-off versus Tomas Hertl in neutral zone.
1:00 of 1st period - Snap shot by Andy Miele.
1:00 of 1st period - Shot Misses the Net.
1:12 of 1st period - Slapshot by Devante Smith-Pelly.
1:12 of 1st period - Shot Misses the Net.
1:26 of 1st period - Backhand shot by Milan Lucic.
1:26 of 1st period - Shot Misses the Net.
1:32 of 1st period - Wrist shot by Byron Bitz.
1:32 of 1st period - Stopped by Frederik Andersen with a rebound.
1:34 of 1st period - Slapshot by Nate Schmidt.
1:34 of 1st period - Shot Misses the Net.
1:36 of 1st period - Backhand shot by Nate Schmidt.
1:36 of 1st period - Shot Hit the Post.
1:38 of 1st period - Slapshot by Justin Abdelkader.
1:38 of 1st period - Shot Blocked by Milan Lucic.
2:15 of 1st period - Off-side.
2:16 of 1st period - Ryan Kesler wins face-off versus Sean Couturier in neutral zone.
2:19 of 1st period - Matt Delahey is hit by Alexander Ovechkin and loses puck.
2:26 of 1st period - John Moore is hit by Matt Delahey and loses puck.
2:41 of 1st period - Steve Quailer is hit by Nik Antropov and loses puck.
6:19 of 1st period - Ryan Mcdonagh is hit by Cam Barker and loses puck.
6:26 of 1st period - Wrist shot by James Neal.
6:26 of 1st period - Stopped by Viktor Fasth without a rebound.
6:27 of 1st period - Alexander Ovechkin wins face-off versus James Neal in Predators zone.
6:32 of 1st period - Wrist shot by Alexander Ovechkin.
6:32 of 1st period - Shot Blocked by Patrik Nemeth.
6:38 of 1st period - Ryan Kesler is hit by Sean Couturier and loses puck.
7:05 of 1st period - Wrist shot by Jaden Schwartz.
7:05 of 1st period - Stopped by Frederik Andersen without a rebound.
7:06 of 1st period - Sean Couturier wins face-off versus Nik Antropov in Rangers zone.
7:11 of 1st period - Sean Couturier is hit by Alex Killorn and loses puck.
7:31 of 1st period - Cam Barker is hit by Mikael Granlund and loses puck.
7:52 of 1st period - Snap shot by Jaden Schwartz.
7:52 of 1st period - Deflect By Jack Eichel.
7:52 of 1st period - Shot Misses the Net.
7:52 of 1st period - Puck is out of play.
7:53 of 1st period - Jack Eichel wins face-off versus Chris Bourque in Rangers zone.
7:54 of 1st period - Snap shot by Brendan Gallagher.
7:54 of 1st period - Deflect By Jaden Schwartz.
7:54 of 1st period - Stopped by Frederik Andersen with a rebound.
7:56 of 1st period - Wrist shot by Jaden Schwartz.
7:56 of 1st period - Stopped by Frederik Andersen with a rebound.
7:58 of 1st period - Wrist shot by Brendan Gallagher.
7:58 of 1st period - Stopped by Frederik Andersen with a rebound.
8:00 of 1st period - Slapshot by Ryan Mcdonagh.
8:00 of 1st period - Deflect By Cam Barker.
8:00 of 1st period - Stopped by Frederik Andersen with a rebound.
8:02 of 1st period - Snap shot by Brendan Gallagher.
8:02 of 1st period - Deflect By Jaden Schwartz.
8:02 of 1st period - Shot Misses the Net.
8:02 of 1st period - Puck is out of play.
8:03 of 1st period - Patrice Bergeron wins face-off versus Ryan Kesler in Rangers zone.
8:10 of 1st period - Alexander Edler is hit by Milan Lucic.
8:48 of 1st period - Icing by Cam Barker.
8:49 of 1st period - Maxime Sauvé wins face-off versus Nik Antropov in Rangers zone.
8:58 of 1st period - Snap shot by Steve Quailer.
8:58 of 1st period - Stopped by Viktor Fasth without a rebound.
8:59 of 1st period - Ryan Kesler wins face-off versus Milan Lucic in Predators zone.
9:08 of 1st period - Wrist shot by Mikael Granlund.
9:08 of 1st period - Stopped by Frederik Andersen without a rebound.
9:09 of 1st period - Patrice Bergeron wins face-off versus Ryan Kesler in Rangers zone.
9:09 of 1st period - Patrice Bergeron is hit by Alexander Edler.
10:01 of 1st period - Wrist shot by Mikael Granlund.
10:01 of 1st period - Shot Misses the Net.
10:03 of 1st period - Wrist shot by Ryan Kesler.
10:03 of 1st period - Shot Misses the Net.
10:39 of 1st period - Backhand shot by Alexander Ovechkin.
10:39 of 1st period - Stopped by Frederik Andersen without a rebound.
10:40 of 1st period - Sean Couturier wins face-off versus Jack Eichel in Rangers zone.
11:06 of 1st period - Justin Faulk is hit by Luke Schenn and loses puck.
11:25 of 1st period - Slapshot by Andy Miele.
11:25 of 1st period - Shot Misses the Net.
11:43 of 1st period - Maxime Sauvé is hit by Andy Miele.
12:09 of 1st period - Slapshot by Luke Schenn.
12:09 of 1st period - Stopped by Viktor Fasth without a rebound.
12:10 of 1st period - Sean Couturier wins face-off versus Jack Eichel in Predators zone.
12:13 of 1st period - Snap shot by Kyle Okposo.
12:13 of 1st period - Shot Misses the Net.
12:23 of 1st period - Slapshot by Jaden Schwartz.
12:23 of 1st period - Shot Misses the Net.
13:01 of 1st period - Snap shot by Jaden Schwartz.
13:01 of 1st period - Shot Misses the Net.
13:18 of 1st period - Devante Smith-Pelly is hit by Mikael Granlund.
13:33 of 1st period - Minor Penalty to Byron Bitz for Holding Stick.
13:34 of 1st period - Andy Miele wins face-off versus Patrice Bergeron in Predators zone.
13:34 of 1st period - Andy Miele is hit by Dmitry Kulikov.
13:49 of 1st period - Snap shot by Jakob Silfverberg.
13:49 of 1st period - Stopped by Viktor Fasth without a rebound.
13:50 of 1st period - Patrice Bergeron wins face-off versus Mark Pysyk in Predators zone.
14:07 of 1st period - Andy Miele is hit by Milan Lucic and loses puck.
15:33 of 1st period - Penalty to Byron Bitz is over, Byron Bitz is back on ice.
15:38 of 1st period - Wrist shot by Maxime Sauvé.
15:38 of 1st period - Shot Blocked by Mark Pysyk.
15:40 of 1st period - Snap shot by Matt Delahey.
15:40 of 1st period - Stopped by Viktor Fasth with a rebound.
15:57 of 1st period - Slapshot by John Moore.
15:57 of 1st period - Stopped by Frederik Andersen with a rebound.
16:11 of 1st period - Wrist shot by Byron Bitz.
16:11 of 1st period - Shot Misses the Net.
16:13 of 1st period - Snap shot by Mark Pysyk.
16:13 of 1st period - Shot Misses the Net.
16:15 of 1st period - Snap shot by Mark Pysyk.
16:15 of 1st period - Stopped by Frederik Andersen without a rebound.
16:16 of 1st period - Patrice Bergeron wins face-off versus Ryan Kesler in Rangers zone.
16:16 of 1st period - Patrice Bergeron is hit by Ryan Kesler.
16:52 of 1st period - Wrist shot by Brendan Gallagher.
16:52 of 1st period - Deflect By Milan Lucic.
16:52 of 1st period - Stopped by Frederik Andersen with a rebound.
17:09 of 1st period - Snap shot by Mikael Granlund.
17:09 of 1st period - Stopped by Frederik Andersen with a rebound.
17:25 of 1st period - Sean Couturier is hit by Byron Bitz.
18:32 of 1st period - Patrik Nemeth is hit by Mark Pysyk and loses puck.
18:47 of 1st period - Slapshot by Jaden Schwartz.
18:47 of 1st period - Stopped by Frederik Andersen without a rebound.
18:48 of 1st period - Steve Quailer wins face-off versus Jack Eichel in Rangers zone.
19:03 of 1st period - Snap shot by Jaden Schwartz.
19:03 of 1st period - Stopped by Frederik Andersen with a rebound.
19:20 of 1st period - Mark Fistric is hit by Ryan Kesler and loses puck.
Goals for this period are 1 for Rangers vs 0 for Predators.
Shots for this period are 6 for Rangers vs 14 for Predators.

2nd period


0:01 of 2nd period - Sean Couturier wins face-off versus Brendan Gallagher in neutral zone.
0:16 of 2nd period - Snap shot by James Neal.
0:16 of 2nd period - Shot Misses the Net.
0:38 of 2nd period - Slapshot by Jakob Silfverberg.
0:38 of 2nd period - Stopped by Viktor Fasth with a rebound.
1:18 of 2nd period - Snap shot by Steve Quailer.
1:18 of 2nd period - Stopped by Viktor Fasth with a rebound.
1:47 of 2nd period - Wrist shot by Jaden Schwartz.
1:47 of 2nd period - Stopped by Frederik Andersen without a rebound.
1:48 of 2nd period - Ryan Kesler wins face-off versus Jakob Silfverberg in Rangers zone.
1:53 of 2nd period - Wrist shot by Alexander Ovechkin.
1:53 of 2nd period - Shot Misses the Net.
1:55 of 2nd period - Slapshot by Ryan Mcdonagh.
1:55 of 2nd period - Stopped by Frederik Andersen with a rebound.
1:57 of 2nd period - Slapshot by Ryan Mcdonagh.
1:57 of 2nd period - Stopped by Frederik Andersen without a rebound.
1:58 of 2nd period - Patrice Bergeron wins face-off versus Mikael Granlund in Rangers zone.
2:04 of 2nd period - Off-side.
2:05 of 2nd period - Mikael Granlund wins face-off versus Patrice Bergeron in neutral zone.
2:12 of 2nd period - Wrist shot by Mikael Granlund.
2:12 of 2nd period - Shot Misses the Net.
3:17 of 2nd period - Wrist shot by Alex Killorn.
3:17 of 2nd period - Shot Blocked by Cam Barker.
3:56 of 2nd period - Matt Delahey is hit by Byron Bitz and loses puck.
4:01 of 2nd period - Slapshot by Justin Abdelkader.
4:01 of 2nd period - Stopped by Frederik Andersen without a rebound.
4:02 of 2nd period - Jack Eichel wins face-off versus Sean Couturier in Rangers zone.
5:46 of 2nd period - Snap shot by Alex Killorn.
5:46 of 2nd period - Stopped by Frederik Andersen with a rebound.
5:48 of 2nd period - Slapshot by Dmitri Kalinin.
5:48 of 2nd period - Deflect By Alex Killorn.
5:48 of 2nd period - Stopped by Frederik Andersen without a rebound.
5:49 of 2nd period - Ryan Kesler wins face-off versus Patrice Bergeron in Rangers zone.
6:20 of 2nd period - Snap shot by Devante Smith-Pelly.
6:20 of 2nd period - Shot Blocked by Jaden Schwartz.
6:22 of 2nd period - Snap shot by Devante Smith-Pelly.
6:22 of 2nd period - Shot Blocked by Brendan Gallagher.
6:24 of 2nd period - Snap shot by Tomas Hertl.
6:24 of 2nd period - Stopped by Viktor Fasth without a rebound.
6:25 of 2nd period - Jack Eichel wins face-off versus Sean Couturier in Predators zone.
8:12 of 2nd period - Backhand shot by Milan Lucic.
8:12 of 2nd period - Shot Blocked by Justin Faulk.
8:14 of 2nd period - Snap shot by Patrice Bergeron.
8:14 of 2nd period - Goal by Patrice Bergeron - Rangers : 2 - Predators : 0.
8:15 of 2nd period - Mikael Granlund wins face-off versus Patrice Bergeron in neutral zone.
8:20 of 2nd period - Slapshot by Alexander Edler.
8:20 of 2nd period - Deflect By Milan Lucic.
8:20 of 2nd period - Stopped by Frederik Andersen with a rebound.
8:26 of 2nd period - Snap shot by Patrice Bergeron.
8:26 of 2nd period - Stopped by Viktor Fasth with a rebound.
8:28 of 2nd period - Snap shot by Jakob Silfverberg.
8:28 of 2nd period - Stopped by Viktor Fasth with a rebound.
8:38 of 2nd period - Minor Penalty to Alexander Ovechkin for Roughing.
8:39 of 2nd period - Andy Miele wins face-off versus Patrice Bergeron in Predators zone.
8:48 of 2nd period - Slapshot by Jakob Silfverberg.
8:48 of 2nd period - Shot Blocked by Ryan Mcdonagh.
8:56 of 2nd period - Snap shot by Milan Lucic.
8:56 of 2nd period - Deflect By Alexander Edler.
8:56 of 2nd period - Stopped by Viktor Fasth with a rebound.
9:06 of 2nd period - Cam Barker is hit by Andy Miele and loses puck.
9:22 of 2nd period - Slapshot by Jaden Schwartz.
9:22 of 2nd period - Shot Misses the Net.
9:44 of 2nd period - Wrist shot by James Neal.
9:44 of 2nd period - Stopped by Viktor Fasth with a rebound.
9:46 of 2nd period - Snap shot by James Neal.
9:46 of 2nd period - Shot Misses the Net.
9:50 of 2nd period - Snap shot by Sean Couturier.
9:50 of 2nd period - Shot Misses the Net.
9:52 of 2nd period - Snap shot by Sean Couturier.
9:52 of 2nd period - Shot Misses the Net.
9:54 of 2nd period - Backhand shot by James Neal.
9:54 of 2nd period - Stopped by Viktor Fasth with a rebound.
9:56 of 2nd period - Slapshot by Tomas Hertl.
9:56 of 2nd period - Stopped by Viktor Fasth with a rebound.
9:58 of 2nd period - Snap shot by James Neal.
9:58 of 2nd period - Deflect By Sean Couturier.
9:58 of 2nd period - Shot Blocked by John Moore.
9:58 of 2nd period - Puck is out of play.
9:59 of 2nd period - Patrice Bergeron wins face-off versus Jaden Schwartz in Predators zone.
10:02 of 2nd period - Slapshot by Milan Lucic.
10:02 of 2nd period - Deflect By Alexander Edler.
10:02 of 2nd period - Stopped by Viktor Fasth without a rebound.
10:03 of 2nd period - Byron Bitz wins face-off versus Patrice Bergeron in Predators zone.
10:14 of 2nd period - Slapshot by Dmitry Kulikov.
10:14 of 2nd period - Shot Misses the Net.
10:38 of 2nd period - Penalty to Alexander Ovechkin is over, Alexander Ovechkin is back on ice.
11:09 of 2nd period - Icing by Nate Schmidt.
11:10 of 2nd period - Sean Couturier wins face-off versus Ryan Kesler in Predators zone.
11:21 of 2nd period - Snap shot by Sean Couturier.
11:21 of 2nd period - Stopped by Viktor Fasth with a rebound.
11:23 of 2nd period - Wrist shot by Kyle Okposo.
11:23 of 2nd period - Stopped by Viktor Fasth without a rebound.
11:24 of 2nd period - Jack Eichel wins face-off versus Patrice Bergeron in Predators zone.
11:39 of 2nd period - Snap shot by Brendan Gallagher.
11:39 of 2nd period - Shot Misses the Net.
12:21 of 2nd period - Snap shot by Chris Bourque.
12:21 of 2nd period - Stopped by Viktor Fasth with a rebound.
13:34 of 2nd period - Slapshot by Mikael Granlund.
13:34 of 2nd period - Stopped by Frederik Andersen without a rebound.
13:35 of 2nd period - Ryan Kesler wins face-off versus Patrice Bergeron in Rangers zone.
14:07 of 2nd period - Snap shot by Brendan Gallagher.
14:07 of 2nd period - Shot Misses the Net.
14:24 of 2nd period - Off-side.
14:25 of 2nd period - Andy Miele wins face-off versus Patrice Bergeron in neutral zone.
15:02 of 2nd period - Snap shot by Jack Eichel.
15:02 of 2nd period - Stopped by Frederik Andersen with a rebound.
15:04 of 2nd period - Minor Penalty to Sean Couturier for Interference.
15:05 of 2nd period - Jakob Silfverberg wins face-off versus Alexander Ovechkin in Rangers zone.
16:38 of 2nd period - Ryan Mcdonagh is hit by Luke Schenn and loses puck.
17:04 of 2nd period - Penalty to Sean Couturier is over, Sean Couturier is back on ice.
17:19 of 2nd period - Wrist shot by Milan Lucic.
17:19 of 2nd period - Shot Blocked by Mark Pysyk.
18:44 of 2nd period - Icing by Matt Delahey.
18:45 of 2nd period - Jack Eichel wins face-off versus Patrice Bergeron in Rangers zone.
18:50 of 2nd period - Wrist shot by Mikael Granlund.
18:50 of 2nd period - Stopped by Frederik Andersen without a rebound.
18:51 of 2nd period - Ryan Kesler wins face-off versus Sean Couturier in Rangers zone.
18:56 of 2nd period - Snap shot by Alexander Ovechkin.
18:56 of 2nd period - Stopped by Frederik Andersen without a rebound.
18:57 of 2nd period - Alexander Ovechkin wins face-off versus Sean Couturier in Rangers zone.
19:02 of 2nd period - Wrist shot by Alexander Ovechkin.
19:02 of 2nd period - Stopped by Frederik Andersen with a rebound.
19:04 of 2nd period - Wrist shot by Ryan Kesler.
19:04 of 2nd period - Stopped by Frederik Andersen with a rebound.
19:06 of 2nd period - Snap shot by Ryan Kesler.
19:06 of 2nd period - Stopped by Frederik Andersen without a rebound.
19:07 of 2nd period - Milan Lucic wins face-off versus Ryan Kesler in Rangers zone.
19:07 of 2nd period - Milan Lucic is hit by Alexander Ovechkin.
19:10 of 2nd period - Minor Penalty to Luke Schenn for Roughing.
19:11 of 2nd period - Jakob Silfverberg wins face-off versus Ryan Kesler in Rangers zone.
Goals for this period are 1 for Rangers vs 0 for Predators.
Shots for this period are 14 for Rangers vs 14 for Predators.

3rd period


0:01 of 3rd period - Ryan Kesler wins face-off versus Patrice Bergeron in neutral zone.
0:26 of 3rd period - Cam Barker is hit by Alexander Edler.
1:08 of 3rd period - Snap shot by Chris Bourque.
1:08 of 3rd period - Goal by Chris Bourque - Rangers : 3 - Predators : 0.
1:09 of 3rd period - Jakob Silfverberg wins face-off versus Alexander Ovechkin in neutral zone.
1:10 of 3rd period - Penalty to Luke Schenn is over, Luke Schenn is back on ice.
1:15 of 3rd period - Icing by Ryan Kesler.
1:16 of 3rd period - Ryan Kesler wins face-off versus Patrice Bergeron in Predators zone.
1:21 of 3rd period - Slapshot by Ryan Mcdonagh.
1:21 of 3rd period - Deflect By Alexander Ovechkin.
1:21 of 3rd period - Shot Misses the Net.
1:21 of 3rd period - Puck is out of play.
1:22 of 3rd period - Jack Eichel wins face-off versus Patrice Bergeron in Rangers zone.
2:19 of 3rd period - Alexander Edler is hit by Devante Smith-Pelly and loses puck.
2:30 of 3rd period - Dmitry Kulikov is hit by Jaden Schwartz and loses puck.
2:41 of 3rd period - Slapshot by Brendan Gallagher.
2:41 of 3rd period - Shot Blocked by Mark Fistric.
3:45 of 3rd period - Slapshot by Nik Antropov.
3:45 of 3rd period - Shot Misses the Net.
3:52 of 3rd period - Minor Penalty to Devante Smith-Pelly for Hooking.
3:53 of 3rd period - Jakob Silfverberg wins face-off versus Ryan Kesler in Rangers zone.
4:04 of 3rd period - Slapshot by Ryan Kesler.
4:04 of 3rd period - Stopped by Frederik Andersen without a rebound.
4:05 of 3rd period - Mikael Granlund wins face-off versus Jakob Silfverberg in Rangers zone.
4:32 of 3rd period - Jakob Silfverberg is hit by Brendan Gallagher and loses puck.
5:52 of 3rd period - Penalty to Devante Smith-Pelly is over, Devante Smith-Pelly is back on ice.
6:12 of 3rd period - Snap shot by Steve Quailer.
6:12 of 3rd period - Stopped by Viktor Fasth with a rebound.
6:18 of 3rd period - Minor Penalty to Dmitri Kalinin for Hooking.
6:19 of 3rd period - Sean Couturier wins face-off versus Andy Miele in Predators zone.
6:20 of 3rd period - Wrist shot by Kyle Okposo.
6:20 of 3rd period - Stopped by Viktor Fasth with a rebound.
7:42 of 3rd period - Luke Schenn is hit by Brendan Gallagher and loses puck.
7:59 of 3rd period - Kyle Okposo is hit by Alexander Edler and loses puck.
8:18 of 3rd period - Penalty to Dmitri Kalinin is over, Dmitri Kalinin is back on ice.
8:30 of 3rd period - Slapshot by Mikael Granlund.
8:30 of 3rd period - Shot Misses the Net.
8:48 of 3rd period - Patrice Bergeron is hit by Jaden Schwartz and loses puck.
9:34 of 3rd period - Dmitry Kulikov is hit by Jaden Schwartz and loses puck.
9:51 of 3rd period - Dmitry Kulikov is hit by Justin Abdelkader and loses puck.
10:34 of 3rd period - Alexander Edler is hit by Luke Schenn and loses puck.
11:43 of 3rd period - Chris Bourque is hit by Mark Pysyk.
11:56 of 3rd period - Off-side.
11:57 of 3rd period - Jack Eichel wins face-off versus Maxime Sauvé in neutral zone.
12:29 of 3rd period - Justin Faulk is hit by Dmitry Kulikov and loses puck.
12:40 of 3rd period - Milan Lucic is hit by Byron Bitz and loses puck.
12:49 of 3rd period - Snap shot by Justin Abdelkader.
12:49 of 3rd period - Shot Misses the Net.
12:51 of 3rd period - Snap shot by Byron Bitz.
12:51 of 3rd period - Stopped by Frederik Andersen without a rebound.
12:52 of 3rd period - Ryan Kesler wins face-off versus Sean Couturier in Rangers zone.
12:57 of 3rd period - Snap shot by Mikael Granlund.
12:57 of 3rd period - Stopped by Frederik Andersen with a rebound.
13:00 of 3rd period - Icing by Cam Barker.
13:01 of 3rd period - Sean Couturier wins face-off versus Ryan Kesler in Rangers zone.
13:54 of 3rd period - Alexander Ovechkin is hit by James Neal and loses puck.
14:01 of 3rd period - Wrist shot by James Neal.
14:01 of 3rd period - Stopped by Viktor Fasth without a rebound.
14:02 of 3rd period - Jakob Silfverberg wins face-off versus Jack Eichel in Predators zone.
14:03 of 3rd period - Slapshot by Patrice Bergeron.
14:03 of 3rd period - Stopped by Viktor Fasth with a rebound.
14:12 of 3rd period - Icing by Alexander Edler.
14:13 of 3rd period - Jack Eichel wins face-off versus Patrice Bergeron in Predators zone.
14:18 of 3rd period - Snap shot by Jakob Silfverberg.
14:18 of 3rd period - Deflect By Jaden Schwartz.
14:18 of 3rd period - Stopped by Viktor Fasth with a rebound.
14:20 of 3rd period - Slapshot by Mark Fistric.
14:20 of 3rd period - Shot Blocked by Alexander Edler.
14:22 of 3rd period - Snap shot by Patrice Bergeron.
14:22 of 3rd period - Shot Misses the Net.
14:24 of 3rd period - Wrist shot by Patrice Bergeron.
14:24 of 3rd period - Stopped by Viktor Fasth without a rebound.
14:25 of 3rd period - Jack Eichel wins face-off versus Patrice Bergeron in Predators zone.
15:21 of 3rd period - Snap shot by Luke Schenn.
15:21 of 3rd period - Shot Misses the Net.
15:38 of 3rd period - Off-side.
15:39 of 3rd period - Tomas Hertl wins face-off versus Justin Abdelkader in neutral zone.
15:42 of 3rd period - Slapshot by Dmitry Kulikov.
15:42 of 3rd period - Stopped by Viktor Fasth with a rebound.
16:04 of 3rd period - Nate Schmidt is hit by Jakob Silfverberg and loses puck.
16:11 of 3rd period - Milan Lucic is hit by Alexander Ovechkin and loses puck.
16:32 of 3rd period - Snap shot by Nik Antropov.
16:32 of 3rd period - Stopped by Frederik Andersen without a rebound.
16:33 of 3rd period - Nik Antropov wins face-off versus James Neal in Rangers zone.
16:36 of 3rd period - Snap shot by Mark Pysyk.
16:36 of 3rd period - Stopped by Frederik Andersen without a rebound.
16:37 of 3rd period - Sean Couturier wins face-off versus Ryan Kesler in Rangers zone.
18:12 of 3rd period - Minor Penalty to James Neal for Hooking.
18:13 of 3rd period - Alexander Ovechkin wins face-off versus Jakob Silfverberg in Rangers zone.
Goals for this period are 1 for Rangers vs 0 for Predators.
Shots for this period are 8 for Rangers vs 5 for Predators.